 Dungeon Crawl Stone Soup version 0.28.0-45-g0d030f2227 (webtiles) character file.

Game seed: 10708953919453036015

1347 safid the Cleaver (level 8, 0/66 HPs)
             Began as a Hill Orc Fighter on Apr 3, 2022.
             Was a Follower of Beogh.
             Killed by nerve-wracking pain
             ... invoked by Menkaure
              (12 damage)
             ... on level 5 of the Dungeon.
             The game lasted 00:04:57 (4860 turns).

safid the Cleaver (Hill Orc Fighter)                Turns: 4860, Time: 00:04:58

Health: 0/66       AC: 10    Str: 21    XL:     8   Next: 62%
Magic:  8/8        EV:  9    Int:  8    God:    Beogh [*.....]
Gold:   143        SH:  9    Dex: 10    Spells: 7/7 levels left

rFire   . . .      SeeInvis .   a - +0 war axe
rCold   . . .      Faith    .   c - +0 buckler
rNeg    . . .      Spirit   .   b - +0 scale mail
rPois   .          Reflect  +   (no helmet)
rElec   .          Harm     .   v - +0 cloak
rCorr   .          Rampage  .   o - +0 pair of gloves
Will    .....                   p - +0 pair of boots
Stlth   ..........              s - amulet of reflection
HPRegen 0.21/turn               (no ring)
MPRegen 0.11/turn               (no ring)

@: no status effects
A: no striking features
a: Renounce Religion


You were on level 5 of the Dungeon.
You worshipped Beogh.
Beogh was aware of your devotion.
You visited 1 branch of the dungeon, and saw 5 of its levels.

You collected 143 gold pieces.

Inventory:

Hand Weapons
 a - a +0 war axe (weapon)
Missiles
 j - 2 javelins (quivered)
 u - 5 poisoned darts
Armour
 b - a +0 scale mail (worn)
 c - a +0 buckler (worn)
 o - a +0 pair of gloves (worn)
 p - a +0 pair of boots (worn)
 v - a +0 cloak (worn)
Jewellery
 s - an amulet of reflection (around neck)
 x - a ring of flight
Scrolls
 e - a scroll of silence {unknown}
 f - 3 scrolls of teleportation {unknown}
 g - a scroll of immolation {unknown}
 h - a scroll of amnesia {unknown}
 i - a scroll of fear {unknown}
 k - a scroll of noise {unknown}
 n - a scroll of brand weapon {unknown}
 q - 8 scrolls of identify {unknown}
 w - a scroll of fog {unknown}
 y - a scroll of enchant armour {unknown}
Potions
 d - a potion of might
 l - a potion of heal wounds {unknown}
 m - a potion of flight {unknown}
 r - a potion of haste {unknown}
 t - 2 potions of mutation {unknown}
 z - 2 potions of degeneration {unknown}
 A - a potion of cancellation {unknown}


   Skills:
 - Level 4.0 Fighting
 + Level 12.8 Axes
 - Level 4.0 Armour
 - Level 4.0 Shields


You had 7 spell levels left.
You didn't know any spells.
Your spell library contained the following spells:

 Spells                   Type           Power      Damage    Failure   Level
 Summon Guardian Golem    Hex/Summ       0%         N/A       99%         3
 Orb of Destruction       Conj           0%         9d5       100%        7
 Spellforged Servitor     Conj/Summ      0%         N/A       100%        7


Dungeon Overview and Level Annotations

Branches:
Dungeon (5/15)
 Temple: D:4-7

Altars:

Annotations:
D:5 Menkaure


Message History

You see here 3 poisoned darts.
Menkaure is nearby!
Menkaure calls on the powers of darkness!
Your body is wracked with pain!
Menkaure calls on the powers of darkness!
Your body is wracked with pain!
* * * LOW HITPOINT WARNING * * *
You are too injured to fight recklessly!
You are too injured to fight recklessly!
You are too injured to fight recklessly!
You are too injured to fight recklessly!
You are too injured to fight recklessly!
You are too injured to fight recklessly!
You are too injured to fight recklessly!
You are too injured to fight recklessly!
You are too injured to fight recklessly!
You are too injured to fight recklessly!
You are too injured to fight recklessly!
You are too injured to fight recklessly!
You are too injured to fight recklessly!
You are too injured to fight recklessly!
You are too injured to fight recklessly!
You are too injured to fight recklessly!
You are too injured to fight recklessly!
You are too injured to fight recklessly!
You are too injured to fight recklessly!
You are too injured to fight recklessly!
You are too injured to fight recklessly!
Menkaure mumbles some strange words.
Menkaure seems to speed up.
Menkaure gestures at you while chanting.
You struggle to resist.
You see here 3 poisoned darts.
Items here: )) [ †.
Menkaure calls on the powers of darkness!
Your body is wracked with pain!
* * * LOW HITPOINT WARNING * * *
Menkaure points at you and mumbles some strange words.
Pain shoots through your body!
You die...

#.# #.# #.# #.# #.# #.# #.##
###########.........# #.M#
#.........#.........#
##.#######@#....#.........#
#(#...M.#.#....#..........
#.#.#.#.#.#.)..#.........#
#...#.#.M.#..............#
#####.######.............#
#...#)#...##.............#
#.#.#.#.#.##.............#
#.#.....#.#...............
####.#######.##....##########


You could see Menkaure (fast).

Vanquished Creatures
  A black bear (D:5)
  A sky beast (D:4)
  An ice beast (D:4)
  4 ogres
  A phantom (D:5)
  A kobold brigand (D:4)
  3 scorpions
  A water moccasin skeleton (D:5)
  A centaur skeleton (D:5)
  A jelly (D:4)
  An orc priest (D:5)
  2 iguanas
  An orc wizard (D:5)
  5 adders
  7 gnolls
  3 adder skeletons
  3 worms (D:2)
  3 dart slugs
  15 orcs
  2 ball pythons
  3 bats
  7 endoplasms
  A giant cockroach (D:1)
  6 goblins
  8 hobgoblins
  8 kobolds
  5 quokkas
  6 rats
101 creatures vanquished.

Vanquished Creatures (others)
  An orc priest (D:4)
  An orc wizard (D:4)
  A worm (D:4)
  4 orcs (D:4)
  A goblin (D:4)
  2 plants (D:1)
10 creatures vanquished.

Grand Total: 111 creatures vanquished

Notes
Turn   | Place    | Note
-------+----------+-------------------------------------------
     0 | D:1      | safid the Hill Orc Fighter began the quest for the Orb.
     0 | D:1      | Reached XP level 1. HP: 19/19 MP: 1/1
   189 | D:1      | Reached skill level 3 in Axes
   189 | D:1      | Reached XP level 2. HP: 26/27 MP: 2/2
   388 | D:1      | Reached XP level 3. HP: 33/33 MP: 3/3
   433 | D:1      | Found a faded altar of an unknown god.
   810 | D:2      | Reached XP level 4. HP: 33/40 MP: 4/4
   877 | D:2      | Reached skill level 4 in Axes
  1767 | D:3      | Reached skill level 5 in Axes
  1768 | D:3      | Reached XP level 5. HP: 35/46 MP: 5/5
  2490 | D:4      | Found the +8 trident of the Octopus King {venom, rElec
                  | rPois}
  2491 | D:4      | Became a worshipper of Beogh the Brigand
  2501 | D:4      | Reached skill level 6 in Axes
  2632 | D:4      | Noticed a sky beast
  2649 | D:4      | Killed a sky beast
  2650 | D:4      | Reached skill level 7 in Axes
  2650 | D:4      | Reached XP level 6. HP: 14/52 MP: 6/6
  2964 | D:4      | Noticed an ice beast
  2981 | D:4      | Killed an ice beast
  2982 | D:4      | Reached skill level 8 in Axes
  2985 | D:4      | Reached XP level 7. HP: 21/59 MP: 7/7
  3206 | D:4      | Reached skill level 9 in Axes
  3574 | D:4      | Reached skill level 10 in Axes
  3723 | D:4      | Reached * piety under Beogh
  3848 | D:5      | Entered Level 5 of the Dungeon
  3995 | D:5      | Reached XP level 8. HP: 55/66 MP: 8/8
  4091 | D:5      | Reached skill level 11 in Axes
  4443 | D:5      | Reached skill level 12 in Axes
  4842 | D:5      | Noticed Menkaure
  4860 | D:5      | Killed from afar by Menkaure

Illustrated notes

Levels and vault maps discovered:
D:1:      nzn_arrival_crosshair, layout_basic,
          shapermc_ecumenical_altar_acropolis
D:2:      layout_loops_ring, serial_park_tiny_pond
D:3:      layout_loops_ring, nicolae_underground_beach
D:4:      layout_loops_ring
D:5:      layout_basic, kennysheep_path_1, minmay_misc_feat_ornament,
          hangedman_decor_lopped, uniq_menkaure

Skill      XL: |  1  2  3  4  5  6  7  8 |
---------------+-------------------------+-----
Axes           | 3 5 7 8 10 12 | 12.8
Fighting       | 4 |  4.0
Armour         | 4 |  4.0
Shields        | 4 |  4.0

Action                   |  1- 3 |  4- 6 |  7- 9 || total
-------------------------+-------+-------+-------++-------
Melee: War axe           |    74 |   127 |   112 ||   313
Invok: Convert to Beogh  |       |     1 |       ||     1
Armor: Scale mail        |    37 |    48 |    36 ||   121
Dodge: Dodged            |    37 |    44 |    30 ||   111
Block: Buckler           |    14 |    30 |    28 ||    72
